 Dungeon Crawl Stone Soup version 0.21-a0-29-g43b3074 (webtiles) character file.

261 nikopol the Magician (level 6, -1/38 HPs)
             Began as an Octopode Wizard on May 26, 2017.
             Slain by an ice beast (8 damage)
             ... on level 4 of the Dungeon.
             The game lasted 00:18:36 (4557 turns).

nikopol the Magician (Octopode Wizard)              Turns: 4557, Time: 00:18:37

Health: -1/38      AC:  4    Str:  6    XL:     6   Next: 18%
Magic:  0/12       EV: 14    Int: 22    God:
Gold:   191        SH:  0    Dex: 11    Spells: 10/13 levels left

rFire    . . .     SeeInvis .   r - +0 falchion (holy)
rCold    . . .     Gourm    .   (no shield)
rNeg     . . .     Faith    .   a - +0 hat
rPois    +         Spirit   .   (no amulet)
rElec    .         Reflect  .   h - ring of poison resistance
rCorr    .         Harm     .   l - +3 ring of protection
MR       .....                  (no ring)
Stlth    +++.......             (no ring)
Regen    0.2/turn               (no ring)
MPRegen  0.2/turn               (no ring)
                                (no ring)
                                (no ring)

@: no status effects
A: almost no armour, stealthy swim, amphibious, 8 rings, constrict 8, camouflage
1, gelatinous body 1
a: no special abilities


You were on level 4 of the Dungeon.
You were not hungry.

You visited 1 branch of the dungeon, and saw 5 of its levels.

You collected 191 gold pieces.

Inventory:

Hand Weapons
 i - a +0 dagger
 r - a +0 falchion of holy wrath (weapon)
Armour
 a - a +0 hat (worn)
Jewellery
 h - a ring of poison resistance (left tentacle)
 l - a +3 ring of protection (right tentacle)
 y - an uncursed ring of flight {unknown}
Scrolls
 g - 2 scrolls of remove curse {unknown}
 k - 2 scrolls of enchant weapon {unknown}
 p - a scroll of immolation {unknown}
 q - 4 scrolls of recharging {unknown}
 s - 2 scrolls of identify {unknown}
 u - 2 scrolls of teleportation {unknown}
 v - a scroll of magic mapping {unknown}
 x - a scroll of enchant armour {unknown}
Potions
 d - 3 potions of curing {unknown}
 e - 2 potions of brilliance {unknown}
 f - a potion of magic {unknown}
 m - a potion of lignification {unknown}
 n - a potion of might {unknown}
 o - 2 potions of flight {unknown}
 t - 3 potions of degeneration {unknown}
 w - 2 potions of berserk rage {unknown}
Books
 b - a book of Minor Magic

   Spells                             Type                      Level
   a - Magic Dart                     Conjuration                  1
   b - Blink                          Translocation                2
   c - Call Imp                       Summoning                    2
   d - Slow                           Hexes                        2
   e - Conjure Flame                  Conjuration/Fire             3
   f - Mephitic Cloud                 Conjuration/Poison/Air       3
Comestibles
 c - 3 bread rations
 j - 3 meat rations
 z - a royal jelly


   Skills:
 + Level 1.1 Fighting
 - Level 0.8(0.9) Short Blades
 + Level 0.4(0.7) Long Blades
 + Level 3.0 Dodging
 + Level 3.4 Stealth
 + Level 0.2 Unarmed Combat
 + Level 4.4 Spellcasting
 + Level 3.2 Conjurations
   Level 1.0 Summonings
 + Level 1.0 Translocations


You had 10 spell levels left.
You knew the following spells:

 Your Spells              Type           Power        Failure   Level  Hunger
a - Magic Dart            Conj           ###.         3%          1    None
b - Blink                 Tloc           N/A          11%         2    #......


Dungeon Overview and Level Annotations

Branches:
Dungeon (5/15)
 Temple: D:4-7

Altars:
Nemelex Xobeh
Okawaru

Annotations:
D:5 Dowan, Duvessa


Innate Abilities, Weirdness & Mutations

You cannot wear most types of armour.
You are very stealthy in the water. (Stealth+)
You are amphibious.
You can wear up to eight rings at the same time.
You can use your tentacles to constrict eight enemies at once.
Your skin changes colour to match your surroundings (Stealth+).
Your rubbery body absorbs attacks. (AC +1, EV +1)


Message History

Casting: Magic Dart
Confirm with . or Enter, or press ? or * to list all spells.
Aiming: Magic Dart
Press: ? - help, Shift-Dir - straight line, f/p - ice beast
Aim: an ice beast (severely wounded)
The magic dart hits the ice beast.
The ice beast is severely wounded.
The ice beast barely misses you.
You riposte.
You hit the ice beast.
The ice beast is severely wounded.
Casting: Magic Dart
Confirm with . or Enter, or press ? or * to list all spells.
Aiming: Magic Dart
Press: ? - help, Shift-Dir - straight line, f/p - ice beast
Aim: an ice beast (severely wounded)
The magic dart hits the ice beast.
The ice beast is almost dead.
The ice beast hits you.
* * * LOW HITPOINT WARNING * * *
The ice beast freezes you!
You die...

#.#############
#..............
#.###########..
############.###########.#
#.........##..............
#...#####.##.............#
#..................#######
#...#####.#.#.##..##
#####..##....@.###...##
#............Y#.#.####
#..............#.##
#..##..##.##.(.#.#
#..##..##.##...#.#
#..##..........#.#
#..###.........#.# #..#
#.#..##.#.#.#### #..#
#.#..##.#......#


You could see an ice beast.

Vanquished Creatures
  A hound (D:5)
  Terence (D:3)
  2 worker ants
  Robin (D:3)
  6 adders
  A gnoll (D:4)
  A shadow imp (D:5)
  An ooze (D:4)
  A worm (D:2)
  2 dart slugs
  2 leopard geckos
  A ball python (D:2)
  4 bats
  4 giant cockroaches
  14 goblins
  2 hobgoblins
  5 jackals
  11 kobolds
  2 frilled lizards
  6 rats
68 creatures vanquished.

Notes
Turn   | Place    | Note
-------+----------+-------------------------------------------
     0 | D:1      | nikopol the Octopode Wizard began the quest for the Orb.
     0 | D:1      | Reached XP level 1. HP: 11/11 MP: 4/4
   236 | D:1      | Reached XP level 2. HP: 9/17 MP: 0/6
   918 | D:1      | Reached XP level 3. HP: 10/21 MP: 0/8
  1305 | D:2      | Found a faded altar of an unknown god.
  1648 | D:3      | Found a sparkling altar of Nemelex Xobeh.
  1866 | D:3      | Noticed Robin
  2092 | D:3      | Reached XP level 4. HP: 25/27 MP: 3/9
  2099 | D:3      | Learned a level 2 spell: Blink
  2172 | D:3      | Found an iron altar of Okawaru.
  2709 | D:3      | Killed Robin
  2826 | D:3      | Noticed Terence
  2850 | D:3      | Killed Terence
  2850 | D:3      | Reached skill level 1 in Fighting
  2850 | D:3      | Reached skill level 4 in Spellcasting
  2850 | D:3      | Reached XP level 5. HP: 18/33 MP: 1/11
  4117 | D:5      | Entered Level 5 of the Dungeon
  4284 | D:5      | Noticed Dowan
  4284 | D:5      | Noticed Duvessa
  4332 | D:5      | Noticed an ice beast
  4513 | D:5      | Reached XP level 6. HP: 38/38 MP: 7/12
  4543 | D:5      | Noticed an ice beast
  4557 | D:4      | Slain by an ice beast

Vault maps used:
D:1:      lightli_arrival_isolated_outpost
D:2:      chequers_ecumenical_altar_simple, minmay_misc_feat_more_columns
D:3:      nemelex_xobeh_ov_fountains_minmay, okawaru_gym_becter, uniq_robin,
          uniq_terence
D:5:      first_bread, serial_shops, kennysheep_mini_moat, uniq_duvessa

Skill      XL: |  1  2  3  4  5 |
---------------+----------------+-----
Stealth        | 3 |  3.4
Fighting       | 1 |  1.1
Spellcasting   | 4 |  4.4
Conjurations   | 2 3 |  3.2
Dodging        | 3 |  3.0
Short Blades   | |  0.8
Long Blades    | |  0.4
Unarmed Combat | |  0.2
Summonings     | |  1.0
Translocations | |  1.0

Action                   |  1- 3 |  4- 6 || total
-------------------------+-------+-------++-------
Melee: Unarmed           |     9 |       ||     9
       Constrict         |    10 |    10 ||    20
       Tentacles         |     5 |     7 ||    12
       Dagger            |    35 |    25 ||    60
       Falchion          |       |    28 ||    28
 Cast: Magic Dart        |    91 |   111 ||   202
  Eat: Chunk             |     3 |     8 ||    11
Armor: Skin              |     9 |    11 ||    20
Dodge: Dodged            |    43 |    55 ||    98
       Rpst.: Falchion   |       |    11 ||    11
